Map: Pillars of Gold LE

Players

rottenorange

  • Race: Zerg Zerg
  • Spawn Location: 1:00

tzp - Winner!

  • Race: Zerg Zerg
  • League: Platinum
  • Spawn Location: 7:00

VOD

Have the link to the VOD?

Description

Time

  • Played on: Oct. 1, 2020, 11:58 a.m.
  • Length: 4:43
Show
View Real Time Build Order
Export as new Build Order

rottenorange Zerg 

Build Orders: Pool First 

Get SALT Encoding   

  12  0:01  Drone  
  13  0:11  Drone  
  14  0:19  Overlord  
  14  0:38  Drone  
  14  0:40  Drone x2  
  17  0:54  Spawning Pool  
  17  0:55  Drone  
  17  1:01  Drone  
  18  1:16  Drone  
  19  1:25  Drone  
  20  1:39  Hatchery  
  19  1:42  Queen  
  19  1:43  Drone  
  19  1:44  Overlord  
  22  2:04  Extractor  
  21  2:11  Zergling x4  
  23  2:32  Roach Warren  
  23  2:33  Drone x2  
  24  3:03  Queen  
  24  3:04  Drone x2  
  28  3:05  Drone x3  
  28  3:06  Drone x2  
  28  3:12  Queen  
  34  3:16  Roach  
  34  3:17  Overlord  
  34  3:33  Overlord x3  
  34  3:45  Roach  
  38  4:02  Drone x3  
  39  4:06  Roach x3  
  45  4:22  Roach x6  
Show
View Real Time Build Order
Export as new Build Order

tzp Zerg - Winner!

Build Orders: Hatch First 

Get SALT Encoding   

  12  0:01  Drone  
  13  0:09  Drone  
  14  0:23  Overlord  
  14  0:43  Drone x3  
  17  0:54  Hatchery  
  16  1:03  Extractor  
  15  1:05  Overlord  
  15  1:10  Drone  
  16  1:15  Drone  
  17  1:32  Spawning Pool  
  17  1:36  Drone  
  18  1:40  Drone  
  18  1:59  Overlord  
  18  2:04  Overlord  
  18  2:14  Drone x2  
  20  2:18  Overlord  
  20  2:20  Queen  
  22  2:25  Queen  
  24  2:32  Metabolic Boost  
  24  2:36  Zergling x2  
  25  2:40  Zergling x2  
  26  2:45  Zergling x4  
  28  2:58  Zergling x6  
  31  3:09  Zergling x2  
  31  3:10  Zergling x2  
  33  3:15  Drone x2  
  34  3:28  Zergling x4  
  36  3:35  Zergling x2  
  36  3:36  Zergling x6  
  36  3:39  Zergling x8  
  44  3:51  Zergling x4  
  46  4:01  Zergling x2  
  46  4:02  Zergling x2  
Tags
 
League
Platinum
Matchup
ZvZ
Race
Zerg
Replay Pack
replays
Spawn Locations
Cross Positions
Add a new tag
Caveats
  • Supply blocks, unpowered buildings, or Contaminate may cause inaccurate times.
  • Supply counts are checked every 10 seconds.